 Dungeon Crawl Stone Soup version 0.20.0-15-g7f486f2 (webtiles) character file.

282 Esekla the Cutter (level 6, 0/32 HPs)
             Began as a Tengu Enchanter on June 11, 2017.
             Was an Initiate of Vehumet.
             Slain by a worker ant (7 damage)
             ... on level 4 of the Dungeon.
             The game lasted 00:23:49 (3215 turns).

Esekla the Cutter (Tengu Enchanter)                 Turns: 3215, Time: 00:23:50

Health: 0/32       AC:  2    Str:  8    XL:     6   Next: 28%
Magic:  11/19      EV: 14    Int: 16    God:    Vehumet [......]
Gold:   102        SH:  0    Dex: 16    Spells: 2/9 levels left

rFire    . . .     SeeInvis .   a - +1 dagger
rCold    . . .     Gourm    .   (no shield)
rNeg     . . .     Faith    .   b - +0 robe
rPois    .         Spirit   .   (helmet restricted)
rElec    .         Reflect  .   (no cloak)
rCorr    .         Harm     .   (no gloves)
MR       .....                  (boots unavailable)
Stlth    ++........             (no amulet)
Regen    0.1/turn               h - ring of wizardry (curse)
MPRegen  0.2/turn               r - ring of magical power

@: very slightly contaminated
A: beak, talons 3, able to fly 1
a: Fly, Renounce Religion


You were on level 4 of the Dungeon.
You worshipped Vehumet.
Vehumet was noncommittal.
You were not hungry.

You visited 2 branches of the dungeon, and saw 6 of its levels.

You collected 102 gold pieces.

Inventory:

Hand Weapons
 a - a +1 dagger (weapon)
Missiles
 f - 45 stones
 q - 10 tomahawks (quivered)
Armour
 b - a +0 robe (worn)
Jewellery
 h - a cursed ring of wizardry (left hand)
 k - a +6 ring of dexterity
 r - a ring of magical power (right hand)
Scrolls
 e - a scroll of identify {unknown}
 g - a scroll of enchant armour {unknown}
 n - a scroll of fog {unknown}
 o - a scroll of enchant weapon {unknown}
 p - a scroll of fear {unknown}
Potions
 i - 2 potions of curing
 j - a potion of mutation {unknown}
 l - 2 potions of heal wounds {unknown}
 m - 3 potions of agility {unknown}
Books
 c - a book of Maledictions

   Spells                             Type                      Level
   a - Corona                         Hexes                        1
   b - Ensorcelled Hibernation        Hexes/Ice                    2
   c - Confuse                        Hexes                        3
   d - Tukima's Dance                 Hexes                        3
   e - Dazzling Spray                 Conjuration/Hexes            3
Comestibles
 d - 4 bread rations


   Skills:
 * Level 4.7 Short Blades
 + Level 3.8 Dodging
 - Level 3.0 Stealth
 + Level 2.3 Spellcasting
 * Level 3.4 Conjurations
 - Level 2.1 Hexes


You had 2 spell levels left.
You knew the following spells:

 Your Spells              Type           Power        Failure   Level  Hunger
a - Corona                Hex            #......      3%          1    #......
b - Dazzling Spray        Conj/Hex       ##....       8%          3    ###....
c - Confuse               Hex            #.......     10%         3    ###....


Dungeon Overview and Level Annotations

Branches:
Dungeon (5/15)             Temple (1/1) D:4

Altars:
Ashenzari
Cheibriados
Dithmenos
Fedhas
Hepliaklqana
Kikubaaqudgha
Okawaru
Qazlal
Ru
Sif Muna
Trog
Vehumet
Xom
Yredelemnul
Zin
The Shining One

Annotations:
D:3 Croanthos's ghost, amateur DECj


Innate Abilities, Weirdness & Mutations

You have a beak for a mouth.
You have claws for feet.
You can fly.


Message History

The worker ant closely misses you.
You hit the worker ant but do no damage.
You claw the worker ant, but do no damage.
The worker ant is heavily wounded.
The worker ant twitches its antennae in your direction.
You hit the worker ant but do no damage.
Your peck misses the worker ant.
The worker ant is heavily wounded.
The worker ant misses you.
You hit the worker ant.
The worker ant is severely wounded.
The worker ant is no longer blind.
The worker ant bites you.
* * * LOW HITPOINT WARNING * * *
You hit the worker ant but do no damage.
The worker ant is severely wounded.
The worker ant closely misses you.
You hit the worker ant.
The worker ant is almost dead.
The worker ant bites you!
You die...

.......##...# #†...####....
............# #......###...
.....>.....## ##.......#####
...........# #.........####
#....##)...####...##........
##..####.........####........
#.........)†....## #...#####
..###......(.a..# ###..#
##......@...#### ##.#
##....<.....#.# #.## #
########.>..## #..# . ##...#
##.# . ##.## #.# .# #### ###
#.## ..####...## #..#
..........# ##.# ...........
#.##


You could see a worker ant.

Vanquished Creatures
  A scorpion (D:4)
  A howler monkey (D:4)
  A crimson imp (D:3)
  An orc wizard (D:4)
  2 worker ants (D:4)
  2 adders
  An ooze (D:2)
  A worm (D:2)
  2 dart slugs (D:1)
  4 leopard geckos
  3 orcs (D:4)
  3 ball pythons
  4 giant cockroaches
  3 goblins
  6 hobgoblins
  5 kobolds
  A quokka (D:3)
  6 bats
  A frilled lizard (D:3)
  7 rats
55 creatures vanquished.

Notes
Turn   | Place    | Note
-------+----------+-------------------------------------------
     0 | D:1      | Esekla the Tengu Enchanter began the quest for the Orb.
     0 | D:1      | Reached XP level 1. HP: 10/10 MP: 4/4
   447 | D:1      | Reached XP level 2. HP: 15/15 MP: 6/6
   672 | D:1      | Reached skill level 2 in Short Blades
  1043 | D:2      | Reached XP level 3. HP: 11/19 MP: 7/7
  1455 | D:1      | Learned a level 3 spell: Dazzling Spray
  1964 | D:2      | Reached skill level 3 in Short Blades
  1964 | D:2      | Reached skill level 1 in Conjurations
  1988 | D:3      | Reached XP level 4. HP: 22/24 MP: 8/8
  2252 | D:2      | Found a glowing golden altar of the Shining One.
  2254 | D:2      | Noticed an angel
  2261 | D:2      | Found a basalt altar of Yredelemnul.
  2696 | D:4      | Gained mutation: You can fly. [Tengu growth]
  2696 | D:4      | Reached XP level 5. HP: 28/28 MP: 9/9
  2704 | D:3      | Learned a level 3 spell: Confuse
  2734 | D:3      | Noticed Croanthos's ghost (amateur DECj)
  2742 | D:4      | Reached skill level 4 in Short Blades
  2840 | D:4      | Reached XP level 6. HP: 32/32 MP: 10/10
  2868 | D:4      | Found a staircase to the Ecumenical Temple.
  2877 | Temple   | Entered the Ecumenical Temple
  2979 | Temple   | Became a worshipper of Vehumet
  3082 | D:5      | Entered Level 5 of the Dungeon
  3215 | D:4      | Slain by a worker ant

Skill      XL: |  1  2  3  4  5 |
---------------+----------------+-----
Short Blades   | 2 3 4 |  4.7
Conjurations   | 1 2 3 |  3.4
Dodging        | 3 |  3.8
Stealth        | |  3.0
Spellcasting   | |  2.3
Hexes          | |  2.1

Action                   |  1- 3 |  4- 6 || total
-------------------------+-------+-------++-------
Melee: Dagger            |    92 |    71 ||   163
       Kick              |    19 |    23 ||    42
       Peck              |    11 |     7 ||    18
Throw: Stone             |     8 |     8 ||    16
       Tomahawk          |       |     8 ||     8
 Cast: Dazzling Spray    |     1 |     6 ||     7
 Stab: Sleeping          |     8 |     5 ||    13
       Invisible         |       |     2 ||     2
  Eat: Royal jelly       |     2 |       ||     2
       Bread ration      |       |     1 ||     1
Armor: Robe              |    12 |     9 ||    21
Dodge: Dodged            |    62 |    31 ||    93
